 Dungeon Crawl Stone Soup version 0.24-a0-516-g9de272bb65 (webtiles) character file.

Game seed: 14550984798384509973

424 Greboboi the Vexing (level 6, -3/47 HPs)
             Began as a Gnoll Arcane Marksman on July 22, 2019.
             Slain by a sky beast (5 damage)
             ... on level 6 of the Dungeon.
             The game lasted 00:11:02 (4089 turns).

Greboboi the Vexing (Gnoll Arcane Marksman)         Turns: 4089, Time: 00:11:03

Health: -3/47      AC:  3    Str: 14    XL:     6   Next: 96%
Magic:  11/11      EV: 15    Int: 15    God:
Gold:   205        SH:  0    Dex: 16    Spells: 11/12 levels left

rFire    . . .     SeeInvis .   b - +1 dagger (elec)
rCold    . . .     Gourm    .   (no shield)
rNeg     . . .     Faith    .   e - +0 robe
rPois    .         Spirit   .   (no helmet)
rElec    .         Reflect  .   (no cloak)
rCorr    .         Harm     .   (no gloves)
MR       .....                  g - +0 pair of boots
Stlth    ++........             (no amulet)
HPRegen  0.15/turn              t - ring of wizardry
MPRegen  0.12/turn              (no ring)

@: no status effects
A: distributed training, fangs 1, strong nose
a: no special abilities


You were on level 6 of the Dungeon.
You were near starving.

You visited 1 branch of the dungeon, and saw 6 of its levels.

You collected 205 gold pieces.

Inventory:

Hand Weapons
 a - a +0 hand crossbow
 b - a +1 dagger of electrocution (weapon)
 j - a +1 dagger of venom
Missiles
 d - 34 bolts
 k - 82 arrows
Armour
 e - a +0 robe (worn)
 g - a +0 pair of boots (worn)
Jewellery
 t - a ring of wizardry (left hand)
 y - an uncursed ring of stealth {unknown}
Wands
 v - a wand of disintegration (7)
Scrolls
 c - 2 scrolls of magic mapping {unknown}
 i - 4 scrolls of identify
 l - a scroll of random uselessness {unknown}
 n - a scroll of amnesia {unknown}
 p - a scroll of fog {unknown}
 q - a scroll of enchant armour {unknown}
 s - 2 scrolls of teleportation {unknown}
 w - a scroll of enchant weapon {unknown}
Potions
 h - 2 potions of haste {unknown}
 o - 4 potions of berserk rage {unknown}
 r - a potion of ambrosia {unknown}
 u - a potion of curing {unknown}
 x - 2 potions of degeneration {unknown}
Comestibles
 f - 8 rations


   Skills:
 + Level 3.3 Fighting
 + Level 2.1 Short Blades
 + Level 2.1 Long Blades
 + Level 2.1 Axes
 + Level 2.1 Maces & Flails
 + Level 2.1 Polearms
 + Level 2.1 Staves
 + Level 2.1 Slings
 + Level 2.1 Bows
 + Level 5.0 Crossbows
 + Level 2.1 Throwing
 + Level 2.1 Armour
 + Level 5.0 Dodging
 + Level 2.1 Stealth
 + Level 2.1 Shields
 + Level 2.1 Unarmed Combat
 + Level 3.5 Spellcasting
 + Level 1.7 Conjurations
 + Level 5.7 Hexes
 + Level 1.7 Charms
 + Level 1.7 Summonings
 + Level 1.7 Necromancy
 + Level 1.7 Translocations
 + Level 1.7 Transmutations
 + Level 1.7 Fire Magic
 + Level 1.7 Ice Magic
 + Level 1.7 Air Magic
 + Level 1.7 Earth Magic
 + Level 1.7 Poison Magic
 + Level 2.3 Invocations
 + Level 2.1 Evocations


You had 11 spell levels left.
You knew the following spells:

 Your Spells              Type           Power        Failure   Level  Hunger
a - Corona                Hex            ###....      1%          1    None

Your spell library contained the following spells:

 Spells                   Type           Power        Failure   Level  Hunger
 Slow                     Hex            ###.....     1%          2    ##.....
 Inner Flame              Hex/Fire       ##......     4%          3    ###....
 Portal Projectile        Hex/Tloc       ##....       4%          3    ###....
 Cause Fear               Hex            ###.......   8%          4    ####...
 Leda's Liquefaction      Hex/Erth       ##........   16%         4    ####...


Dungeon Overview and Level Annotations

Branches:
Dungeon (6/15)
 Temple: D:4-7

Altars:
Ashenzari
Cheibriados
Elyvilon
Nemelex Xobeh
Qazlal
Vehumet
Yredelemnul
Zin
The Shining One


Innate Abilities, Weirdness & Mutations

Your experience applies equally to all skills.
You have very sharp teeth.
Your uncanny sense of smell can sniff out nearby items.


Message History

* * * LOW HITPOINT WARNING * * *
You hit the sky beast. You bite the sky beast.
The sky beast is almost dead.
The sky beast flickers out of sight!
Deactivating autopickup; reactivate with Ctrl-A.
Something hits you but does no damage.
You hit something but do no damage. Something hits you.
* * * LOW HITPOINT WARNING * * *
Something shocks you.
* * * LOW HITPOINT WARNING * * *
You barely miss something. You bite something. Something completely misses you.
You completely miss something. Your bite misses something.
You hit something but do no damage. Something hits you but does no damage.
You hit something but do no damage. Something hits you but does no damage.
You barely miss something.
A sky beast appears from thin air!
Reactivating autopickup.
The sky beast hits you.
* * * LOW HITPOINT WARNING * * *
The sky beast shocks you.
You die...

#..[......####.<..#.##
+.........'......#..<.
#.........####....####
#.......## ##.#.# #
##.....## #.#.####
##...## #....... ##'##
###.#### #.# #.# #@#
#.# #Y# #.# (.. #.#
(.... #.# ......# #.#
(.##.#.# #.# ... .....
##. ###.##


You could see a sky beast.

Vanquished Creatures
  A bullfrog (D:5)
  A centaur skeleton (D:4)
  2 hounds
  Terence (D:2)
  Natasha (twice) (D:2)
  3 worker ants
  A hound zombie (D:5)
  3 adders
  An ooze (D:1)
  An adder zombie (D:5)
  A worm (D:2)
  2 dart slugs
  A leopard gecko (D:1)
  4 orcs (D:3)
  11 bats
  6 giant cockroaches
  5 goblins
  8 hobgoblins
  9 kobolds
  A quokka (D:4)
  A ball python (D:2)
  6 frilled lizards
  A jackal skeleton (D:4)
  A leopard gecko skeleton (D:5)
  9 rats
82 creatures vanquished.

Notes
Turn   | Place    | Note
-------+----------+-------------------------------------------
     0 | D:1      | Greboboi the Gnoll Arcane Marksman began the quest for the
                  | Orb.
     0 | D:1      | Reached XP level 1. HP: 17/17 MP: 4/4
   211 | D:1      | Reached XP level 2. HP: 22/23 MP: 5/5
   742 | D:2      | Reached XP level 3. HP: 28/28 MP: 7/7
   866 | D:2      | Reached skill level 1 in Invocations
  1070 | D:2      | Noticed Natasha
  1073 | D:2      | Killed Natasha
  1073 | D:2      | Reached skill level 1 in Short Blades
  1073 | D:2      | Reached skill level 1 in Long Blades
  1073 | D:2      | Reached skill level 1 in Axes
  1073 | D:2      | Reached skill level 1 in Maces & Flails
  1073 | D:2      | Reached skill level 1 in Polearms
  1073 | D:2      | Reached skill level 1 in Staves
  1073 | D:2      | Reached skill level 1 in Slings
  1073 | D:2      | Reached skill level 1 in Bows
  1073 | D:2      | Reached skill level 1 in Throwing
  1073 | D:2      | Reached skill level 1 in Armour
  1073 | D:2      | Reached skill level 1 in Stealth
  1073 | D:2      | Reached skill level 1 in Shields
  1073 | D:2      | Reached skill level 1 in Unarmed Combat
  1073 | D:2      | Reached skill level 1 in Evocations
  1073 | D:2      | Reached XP level 4. HP: 34/34 MP: 8/8
  1094 | D:2      | Noticed Terence
  1101 | D:2      | Killed Terence
  1101 | D:2      | Reached skill level 1 in Conjurations
  1101 | D:2      | Reached skill level 1 in Charms
  1101 | D:2      | Reached skill level 1 in Summonings
  1101 | D:2      | Reached skill level 1 in Necromancy
  1101 | D:2      | Reached skill level 1 in Translocations
  1101 | D:2      | Reached skill level 1 in Transmutations
  1101 | D:2      | Reached skill level 1 in Fire Magic
  1101 | D:2      | Reached skill level 1 in Ice Magic
  1101 | D:2      | Reached skill level 1 in Air Magic
  1101 | D:2      | Reached skill level 1 in Earth Magic
  1101 | D:2      | Reached skill level 1 in Poison Magic
  1205 | D:2      | Noticed Natasha
  1212 | D:2      | Killed Natasha
  1212 | D:2      | Reached XP level 5. HP: 30/40 MP: 9/9
  1418 | D:3      | You fall into a shaft and drop 1 floor!
  1463 | D:4      | Found a sparkling altar of Nemelex Xobeh.
  2718 | D:4      | Found a radiant altar of Vehumet.
  2725 | D:4      | Found a basalt altar of Yredelemnul.
  2754 | D:4      | Found a glowing golden altar of the Shining One.
  2765 | D:4      | Found a snail-covered altar of Cheibriados.
  2767 | D:4      | Reached XP level 6. HP: 39/47 MP: 9/11
  3002 | D:4      | Found a white marble altar of Elyvilon.
  3192 | D:4      | Found a stormy altar of Qazlal.
  3224 | D:5      | Entered Level 5 of the Dungeon
  3428 | D:5      | Reached skill level 5 in Crossbows
  3428 | D:5      | Reached skill level 5 in Dodging
  3568 | D:5      | Found a glowing silver altar of Zin.
  3568 | D:5      | Found a shattered altar of Ashenzari.
  4069 | D:6      | Noticed a sky beast
  4089 | D:6      | HP: 2/47 [sky beast (3)]
  4089 | D:6      | Slain by a sky beast

Levels and vault maps discovered:
D:1:      dpeg_arrival_rhombi, layout_basic
D:2:      layout_loops_ring, uniq_natasha, uniq_terence
D:3:      layout_basic, first_ration
D:4:      layout_basic, lemuel_round_altar, kennysheep_mini_moat,
          grunt_qazlal_clouds, lemuel_crystal_altar, lemuel_crystal_altar,
          lemuel_doored_altar, nemelex_diamond_rough_becter
D:5:      layout_loops_ring, gammafunk_temple_overflow_wave
D:6:      layout_loops_corners

Skill      XL: |  1  2  3  4  5  6 |
---------------+-------------------+-----
Invocations    | 1 2 |  2.3
Short Blades   | 1 2 |  2.1
Long Blades    | 1 2 |  2.1
Axes           | 1 2 |  2.1
Maces & Flails | 1 2 |  2.1
Polearms       | 1 2 |  2.1
Staves         | 1 2 |  2.1
Slings         | 1 2 |  2.1
Bows           | 1 2 |  2.1
Throwing       | 1 2 |  2.1
Armour         | 1 2 |  2.1
Stealth        | 1 2 |  2.1
Shields        | 1 2 |  2.1
Unarmed Combat | 1 2 |  2.1
Evocations     | 1 2 |  2.1
Spellcasting   | 3 |  3.5
Conjurations   | 1 |  1.7
Charms         | 1 |  1.7
Summonings     | 1 |  1.7
Necromancy     | 1 |  1.7
Translocations | 1 |  1.7
Transmutations | 1 |  1.7
Fire Magic     | 1 |  1.7
Ice Magic      | 1 |  1.7
Air Magic      | 1 |  1.7
Earth Magic    | 1 |  1.7
Poison Magic   | 1 |  1.7
Fighting       | 3 |  3.3
Crossbows      | 5 |  5.0
Dodging        | 5 |  5.0
Hexes          | |  5.7

Action                   |  1- 3 |  4- 6 || total
-------------------------+-------+-------++-------
Melee: Dagger            |     9 |    83 ||    92
       Bite              |     2 |     5 ||     7
 Fire: Hand crossbow     |    69 |    96 ||   165
 Cast: Corona            |       |     1 ||     1
  Use: Scroll            |       |     2 ||     2
 Stab: Sleeping          |       |     1 ||     1
  Eat: Chunk             |       |     8 ||     8
Armor: Robe              |     3 |    24 ||    27
Dodge: Dodged            |    29 |   111 ||   140

Table legend:
 A = Non-vault XP
 B = Vault XP
 C = Vault XP percentage of total XP
 D = Non-vault monster count
 E = Vault monster count
 F = Vault count percentage of total count
                 A         B        C        D         E       F
            +---------+---------+-------+---------+---------+-------
      Total |     536 |      71 |  11.7 |      80 |       2 |   2.4
            +---------+---------+-------+---------+---------+-------
        D:1 |      33 |       0 |   0.0 |      17 |       0 |   0.0
        D:2 |      78 |      71 |  47.7 |      18 |       2 |  10.0
        D:3 |     100 |       0 |   0.0 |      32 |       0 |   0.0
        D:4 |     131 |       0 |   0.0 |       7 |       0 |   0.0
        D:5 |     149 |       0 |   0.0 |       5 |       0 |   0.0
        D:6 |      45 |       0 |   0.0 |       1 |       0 |   0.0
            +---------+---------+-------+---------+---------+-------
